 Dungeon Crawl Stone Soup version 0.17.0-24-gcfadda4 (console) character file.

1829 gw the Cleaver (level 8, -10/75 HPs)
             Began as a Deep Dwarf Berserker on Nov 15, 2015.
             Was a Priest of Trog.
             Splashed by an oklob plant's acid (12 damage)
             ... on level 6 of the Dungeon.
             The game lasted 00:04:16 (4682 turns).

gw the Cleaver (Deep Dwarf Berserker)               Turns: 4682, Time: 00:04:16

Health: -10/75     AC: -25   Str: 22    XL:     8   Next: 86%
Magic:  2/2        EV: 11    Int:  7    God:    Trog [***...]
Gold:   303        SH:  0    Dex: 14    Spells: 0 memorised, 7 levels left

rFire  . . .     SeeInvis .     a - +1 war axe
rCold  . . .     Clarity  .     f - +0 ring mail (curse)
rNeg   . . .     SustAt   .     (no shield)
rPois  .         Gourm    .     (no helmet)
rElec  .         Spirit   .     (no cloak)
rCorr  .         Warding  .     (no gloves)
rMut   .         Stasis   .     (no boots)
MR     +....                    (no amulet)
Stlth  ..........               (no ring)
                                (no ring)

@: exhausted, corroded equipment, non-regenerating, somewhat resistant to
hostile enchantments, extremely unstealthy
A: damage resistance, recharge devices, hooves 1, sense surroundings 1, slow
regeneration 3
a: Device Recharging, Berserk, Trog's Hand, Burn Spellbooks, Renounce Religion


You were on level 6 of the Dungeon.
You worshipped Trog.
Trog was most pleased with you.
You were very hungry.

You visited 1 branch of the dungeon, and saw 6 of its levels.

You collected 303 gold pieces.

Inventory:

Hand Weapons
 a - a +1 war axe (weapon)
 b - a +0 arbalest
Missiles
 i - 37 bolts
 r - 14 bolts of frost
Armour
 e - a +0 chain mail
 f - a cursed +0 ring mail (worn)
 k - a +0 scale mail
 l - a +0 chain mail
 n - a +0 scale mail
 o - a +3 leather armour
Wands
 c - a wand of heal wounds (4)
Scrolls
 j - 3 scrolls of identify
 m - a scroll of fog {unknown}
Potions
 s - a potion of resistance
Comestibles
 d - 5 bread rations
 g - a slice of pizza
 h - 6 fruits


   Skills:
 + Level 5.5 Fighting
 * Level 9.1 Axes
 + Level 2.5 Crossbows
 + Level 6.4 Armour
 - Level 2.1 Dodging
 + Level 2.7 Evocations


You had 7 spell levels left.
You didn't know any spells.

Dungeon Overview and Level Annotations

Branches:
Dungeon (6/15)             Temple (0/1) D:4

Altars:
Ashenzari
Fedhas
Nemelex Xobeh
Qazlal
Trog
Vehumet
The Shining One

Shops:
D:6 *


Innate Abilities, Weirdness & Mutations

You are resistant to damage.
You can recharge devices by infusing magical energy.
You passively map a small area around you.
You do not regenerate naturally.
You have large cloven feet.


Message History

ATTACK MOVE TO (1,1)
You hit the oklob plant but do no damage.
You hit the plant but do no damage.
The plant is heavily damaged.
The oklob plant spits acid at you. The splash of acid hits you!
The acid corrodes you!
The acid burns!
ATTACK MOVE TO (1,1)
You hit the oklob plant but do no damage.
You kick the oklob plant, but do no damage.
You hit the plant but do no damage.
The plant is heavily damaged.
The oklob plant spits acid at you. The splash of acid hits you!
The acid burns!
Charge which item? (? for menu, Esc to quit)
Choose an item to recharge, or Esc to abort.
Charge which item? (? for menu, Esc to quit)
Your wand of heal wounds (0) glows for a moment and now has 4 charges.
The oklob plant spits acid at you. The splash of acid hits you!
The acid corrodes you!
The acid burns!
You die...

#.............## *
..........###.# *,
.........## #.# * *
.........# *.#
#.......## .##* # #
#........## ..# .#.#
#.....##..###
##.##...#
##...#####..###.....##
#...# ###..).g....#
#...# ####P_P.#.# #...
##P..# , #. ###># * ##


You could see an oklob plant.

Table legend:
 A = Turns spent in this place as a percentage of turns spent in the entire game.
 B = Non-inter-level travel turns spent in this place as a percentage of non-inter-level travel turns spent in the entire game.
 C = Inter-level travel turns spent in this place as a percentage of turns spent in this place.
 D = Turns resting spent in this place as a percentage of non-inter-level travel turns spent in this place.
 E = Turns spent auto-exploring this place as a percentage of non-inter-level travel turns spent in this place.
 F = Non-inter-level travel turns spent in this place divided by the number of levels of this place that you've seen.
                   A       B       C       D       E      F
               +-------+-------+-------+-------+-------+----------------------
         Total | 100.0 | 100.0 |   0.4 |   0.3 |   2.7 | 1424.0
       Dungeon | 100.0 | 100.0 |   0.4 |   0.3 |   2.7 | 1424.0
               +-------+-------+-------+-------+-------+----------------------

Table legend:
 A = Kills in this place as a percentage of kills in entire the game.
 B = Kills by you in this place as a percentage of kills by you in the entire game.
 C = Kills by friends in this place as a percentage of kills by friends in the entire game.
 D = Other kills in this place as a percentage of other kills in the entire game.
 E = Experience gained in this place as a percentage of experience gained in the entire game.
 F = Experience gained in this place divided by the number of levels of this place that you have seen.
                   A       B       C       D       E      F
               +-------+-------+-------+-------+-------+----------------------
         Total | 100.0 | 100.0 |  -nan |  -nan | 100.0 | 435.5
       Dungeon | 100.0 | 100.0 |  -nan |  -nan | 100.0 | 435.5
               +-------+-------+-------+-------+-------+----------------------

Vanquished Creatures
  Pikel (D:6)
  The ghost of gw the Chopper, an amateur DDFi of Ru (D:5)
  Sigmund (D:3)
  Edmund (D:4)
  Duvessa (D:4)
  2 slaves (D:6)
  An ogre (D:4)
  A centaur (D:6)
  Blork the orc (D:4)
  Dowan (D:4)
  A crimson imp (D:6)
  A hound (D:6)
  2 giant frog skeletons
  An iguana (D:4)
  Jessica (D:3)
  An orc wizard (D:4)
  Terence (D:2)
  3 worker ants
  A killer bee zombie (D:6)
  4 gnolls
  2 adders
  A shadow imp (D:5)
  An ooze (D:2)
  5 worms
  4 giant geckos
  10 orcs
  6 bats
  9 giant cockroaches
  6 goblins
  13 hobgoblins
  4 giant newts
  4 jackals (D:5)
  A jackal skeleton (D:4)
  7 kobolds
  A quokka (D:2)
  7 rats
  A plant (D:6)
109 creatures vanquished.

Vanquished Creatures (others)
  2 gnolls (D:6)
  A bat (D:3)
3 creatures vanquished.

Grand Total: 112 creatures vanquished

Notes
Turn   | Place    | Note
--------------------------------------------------------------
     0 | D:1      | gw the Deep Dwarf Berserker began the quest for the Orb.
     0 | D:1      | Reached XP level 1. HP: 20/20 MP: 1/1
   154 | D:1      | Reached skill level 1 in Evocations
   168 | D:1      | Reached XP level 2. HP: 22/27 MP: 2/2
   663 | D:1      | Reached XP level 3. HP: 17/33 MP: 4/4
   889 | D:2      | Reached ** piety under Trog
   923 | D:2      | Found a radiant altar of Vehumet.
   984 | D:2      | Reached skill level 4 in Axes
  1141 | D:2      | Found a glowing golden altar of the Shining One.
  1408 | D:2      | Noticed Terence
  1421 | D:2      | Killed Terence
  1421 | D:2      | Reached XP level 4. HP: 27/42 MP: 5/5
  1727 | D:3      | Noticed Sigmund
  1736 | D:3      | Killed Sigmund
  1736 | D:3      | Reached skill level 5 in Axes
  1736 | D:3      | Reached XP level 5. HP: 49/49 MP: 6/6
  1854 | D:3      | Noticed Jessica
  1872 | D:3      | Killed Jessica
  1872 | D:3      | Reached XP level 6. HP: 30/57 MP: 7/7
  2081 | D:3      | Found a sparkling altar of Nemelex Xobeh.
  2532 | D:4      | Found a staircase to the Ecumenical Temple.
  2721 | D:4      | Reached skill level 6 in Axes
  2738 | D:4      | Reached *** piety under Trog
  2810 | D:4      | Noticed Edmund
  2814 | D:4      | Noticed Dowan
  2818 | D:4      | Noticed Duvessa
  2821 | D:4      | Killed Edmund
  2821 | D:4      | Reached XP level 7. HP: 64/64 MP: 5/5
  2848 | D:4      | Killed Duvessa
  2850 | D:4      | Killed Dowan
  2850 | D:4      | Reached skill level 7 in Axes
  2853 | D:4      | Noticed Blork the orc
  2869 | D:4      | Killed Blork the orc
  2869 | D:4      | Reached skill level 5 in Armour
  3146 | D:4      | Found a glowing drain.
  3256 | D:5      | Entered Level 5 of the Dungeon
  3361 | D:5      | Noticed gw's ghost (amateur DDFi)
  3371 | D:5      | Killed gw's ghost
  3371 | D:5      | Reached XP level 8. HP: 73/73 MP: 5/5
  3507 | D:5      | Found a shattered altar of Ashenzari.
  3556 | D:5      | Found a blossoming altar of Fedhas.
  3566 | D:5      | Found a stormy altar of Qazlal.
  3805 | D:5      | Reached skill level 8 in Axes
  3887 | D:5      | Reached skill level 5 in Fighting
  4084 | D:5      | Found a bloodstained altar of Trog.
  4195 | D:5      | Gained mutation: You have large cloven feet. [potion of beneficial mutation]
  4334 | D:6      | Reached skill level 1 in Crossbows
  4412 | D:6      | Found Corraacw's General Store.
  4417 | D:6      | Noticed Pikel
  4453 | D:6      | Killed Pikel
  4453 | D:6      | Reached skill level 9 in Axes
  4637 | D:6      | Found a bloodstained altar of Trog.
  4638 | D:6      | Noticed an oklob plant
  4667 | D:6      | HP: 1/75 [acid (10)]
  4682 | D:6      | HP: 2/75 [oklob plant/splash of acid (16)]
  4682 | D:6      | Splashed by an oklob plant's acid

Action                   |  1- 3 |  4- 6 |  7- 9 || total
-------------------------+-------+-------+-------++-------
Melee: Hand axe          |   150 |   108 |    30 ||   288
       War axe           |       |       |   103 ||   103
 Fire: Arbalest          |       |       |    15 ||    15
Invok: Berserk           |       |     2 |     3 ||     5
       Trog's Hand       |       |     2 |     2 ||     4
 Abil: Device Recharging |       |     3 |     5 ||     8
Evoke: Wand              |     1 |    10 |    17 ||    28
  Use: Potion            |     3 |     1 |     8 ||    12
       Scroll            |     2 |     4 |     2 ||     8
  Eat: Chunk             |     2 |     6 |    10 ||    18

Vault maps used:
D:1:      minmay_arrival_four_loops, minmay_surrounded
D:2:      lemuel_doored_altar, vehumet_crystals, uniq_terence
D:3:      nemelex_altar_shiori, uniq_sigmund, uniq_jessica
D:4:      minmay_temple_entry_grid, first_bread, gup_sewer_entry_pipe,
          uniq_duvessa, uniq_edmund, uniq_blork_the_orc
D:5:      grunt_temple_overflow_forces_of_nature, ashenzari_conservatory_becter,
          lightli_temple_of_fire
D:6:      serial_shops, shop, lemuel_oklob_altar, uniq_pikel
